 Dungeon Crawl Stone Soup version 0.29.1-1-gd02db6906a (webtiles) character file.

Game seed: 4214080179137793158

170 safid the Shooter (level 5, -3/48 HPs)
             Began as a Minotaur Hunter on Sept 26, 2022.
             Slain by a scorpion (6 damage)
             ... on level 4 of the Dungeon.
             The game lasted 00:05:31 (3884 turns).

safid the Shooter (Minotaur Hunter)                 Turns: 3884, Time: 00:05:31

Health: -3/48      AC:  4    Str: 15    XL:     5   Next: 26%
Magic:  4/4        EV: 12    Int:  6    God:
Gold:   137        SH:  0    Dex: 16    Spells: 4/4 levels left

rFire   . . .      SeeInvis .   a - +0 shortbow
rCold   . . .      Faith    .   (shield currently unavailable)
rNeg    . . .      Spirit   .   c - +0 leather armour
rPois   .          Reflect  .   (helmet restricted)
rElec   .          Harm     .   (no cloak)
rCorr   +          Rampage  .   k - +0 pair of gloves
Will    .....                   (no boots)
Stlth   +.........              i - amulet of magic regeneration
HPRegen 0.16/turn               v - ring of resist corrosion
MPRegen 0.49/turn               (no ring)

@: lethally poisoned (-3 -> -12), flying
A: horns 2, retaliatory headbutt
a: no special abilities


You were on level 4 of the Dungeon.
You visited 1 branch of the dungeon, and saw 4 of its levels.

You collected 137 gold pieces.

Inventory:

Hand Weapons
 a - a +0 shortbow (weapon)
Armour
 c - a +0 leather armour (worn)
 k - a +0 pair of gloves (worn)
Jewellery
 i - an amulet of magic regeneration (around neck)
 v - a ring of resist corrosion (left hand)
Scrolls
 d - a scroll of summoning {unknown}
 g - a scroll of blinking {unknown}
 h - 3 scrolls of teleportation {unknown}
 p - 2 scrolls of identify {unknown}
 q - a scroll of magic mapping {unknown}
 r - 2 scrolls of vulnerability {unknown}
 t - a scroll of amnesia {unknown}
 u - a scroll of enchant weapon {unknown}
Potions
 b - a potion of ambrosia {unknown}
 e - a potion of resistance {unknown}
 f - a potion of brilliance {unknown}
 j - 2 potions of flight
 l - a potion of lignification {unknown}
 m - 3 potions of curing {unknown}
 n - a potion of heal wounds {unknown}
 o - a potion of degeneration {unknown}
 s - a potion of haste {unknown}


   Skills:
 + Level 5.0 Fighting
 + Level 6.0 Ranged Weapons
 - Level 2.1 Dodging
 - Level 0.7 Stealth


You had 4 spell levels left.
You didn't know any spells.
Your spell library was empty.

Dungeon Overview and Level Annotations

Branches:
Dungeon (4/15)
 Temple: D:4-7

Altars:
Nemelex Xobeh
Ru

Shops:
D:3 *(((


Innate Abilities, Weirdness & Mutations

You have a pair of horns on your head.
You reflexively headbutt those who attack you in melee.


Message History

You feel very sick. The scorpion stings you.
You are too injured to fight recklessly!
You are too injured to fight recklessly!
You are too injured to fight recklessly!
Unknown command.
Fire: a) +0 shortbow
Press: ? - help, Q - select action Shift-Dir - straight line, f/p - scorpion
Aim: a scorpion (severely wounded, 65% to hit)
You shoot an arrow.
The arrow completely misses the scorpion.
You feel very sick.
The scorpion stings you but does no damage.
The scorpion stings you.
* * * LOW HITPOINT WARNING * * *
Fire: a) +0 shortbow
Press: ? - help, Q - select action Shift-Dir - straight line, f/p - scorpion
Aim: a scorpion (severely wounded, 65% to hit)
You shoot an arrow. The arrow hits the scorpion.
The scorpion is severely wounded.
You feel sick. The scorpion stings you.
* * * LOW HITPOINT WARNING * * *
Fire: a) +0 shortbow
Press: ? - help, Q - select action Shift-Dir - straight line, f/p - scorpion
Aim: a scorpion (severely wounded, 65% to hit)
You shoot an arrow. The arrow hits the scorpion.
The scorpion is almost dead.
* * * LOW HITPOINT WARNING * * *
You feel sick. The scorpion closely misses you. You furiously retaliate!
You headbutt the scorpion, but do no damage.
The scorpion stings you.
* * * LOW HITPOINT WARNING * * *
You are lethally poisoned!
The scorpion poisons you!
It was a potion of flight.
You feel very buoyant.
You fly up into the air.
* * * LOW HITPOINT WARNING * * *
You feel sick. The scorpion stings you.
You die...

.##.####.............#.#
.#.).# #........[...##.#
.#...###............##.#
.#....##...............#
##...............#######
#...###..######.# #...#
#....# #.# #...#
##.#...##.# #..>#
#..##.##@# ##### ##.#
.#s# .# #.# +# ..# #.#
#.# #.# #.#


You could see a scorpion.

Vanquished Creatures
  A hound (D:4)
  An iguana (D:3)
  3 adders
  A white imp (D:4)
  4 dart slugs
  4 orcs (D:3)
  4 bats
  5 endoplasms
  A giant cockroach (D:1)
  11 goblins
  2 hobgoblins
  6 jackals
  A quokka (D:1)
  8 ball pythons
  5 frilled lizards
  3 kobolds
  6 rats
  A spectral goblin (D:1)
67 creatures vanquished.

Notes
Turn   | Place    | Note
-------+----------+-------------------------------------------
     0 | D:1      | safid the Minotaur Hunter began the quest for the Orb.
     0 | D:1      | Reached XP level 1. HP: 18/18 MP: 0/0
    83 | D:1      | Reached XP level 2. HP: 26/26 MP: 1/1
   198 | D:1      | Found a faded altar of an unknown god.
   781 | D:1      | Reached XP level 3. HP: 31/31 MP: 2/2
   964 | D:2      | Reached skill level 5 in Ranged Weapons
  1969 | D:3      | Found Wostret's Antique Weapon Boutique.
  1999 | D:3      | Found Ekorph's Weapon Shop.
  2012 | D:3      | Reached XP level 4. HP: 40/40 MP: 3/3
  2326 | D:3      | Found Anioroh's Weapon Emporium.
  2681 | D:3      | Found Tiff's Assorted Antiques.
  2822 | D:3      | Found a sacrificial altar of Ru.
  2829 | D:3      | Found a sparkling altar of Nemelex Xobeh.
  3343 | D:4      | Noticed an ogre
  3648 | D:4      | Reached XP level 5. HP: 34/47 MP: 4/4
  3651 | D:4      | Reached skill level 5 in Fighting
  3651 | D:4      | Reached skill level 6 in Ranged Weapons
  3884 | D:4      | Slain by a scorpion

Illustrated notes

Levels and vault maps discovered:
D:1:      mainiacjoe_arrival_reflecting_pool, layout_basic,
          dreamdust_ecumenical_altar_drowned_temple
D:2:      layout_loops_ring, kennysheep_flooded_box, minmay_puff
D:3:      layout_basic, amethyst_overflow_temple_binary, serial_shops,
          nicolae_shop_bloodbath_and_beyond, nicolae_shop_waterfront,
          nicolae_shop_stone, nicolae_diamond_shop, grunt_decor_one_mirror,
          palyth_stone_intersect
D:4:      layout_basic, lemuel_mausoleum_altar_yredelemnul, kennysheep_diamond,
          kennysheep_generic_room_16

Skill      XL: |  1  2  3  4  5 |
---------------+----------------+-----
Fighting       | 3 4 5 |  5.0
Ranged Weapons | 5 6 |  6.0
Dodging        | |  2.1
Stealth        | |  0.7

Action                   |  1- 3 |  4- 6 || total
-------------------------+-------+-------++-------
 Fire: Shortbow          |   100 |    85 ||   185
  Use: Potion            |       |     1 ||     1
Armor: Leather armour    |    16 |    13 ||    29
Dodge: Dodged            |    34 |    33 ||    67
